[Event "December 5 Early 2023"]
[Site "https://www.chess.com"]
[Date "2023.12.05"]
[Round "4"]
[White "Tran, Tuan Minh"]
[Black "Skatchkov, Valery"]
[Result "1-0"]
[Board "45"]
[TimeControl "180+1"]
[WhiteFideId "12401820"]
[BlackFideId "24195812"]
[WhiteElo "2925"]
[BlackElo "2598"]
[WhiteTeam "VIE"]
[BlackTeam "RUS"]
[WhiteClock "0:01:53"]
[BlackClock "0:00:03"]

1. d4 Nf6 2. c4 e6 3. Nc3 d5 4. cxd5 exd5 5. Bg5 Bb4 6. e3 h6 7. Bxf6 Qxf6 8. Bd3 c5 9. Ne2 Nc6 10. dxc5 Be6 11. O-O Bxc5 12. Nf4 O-O 13. Ncxd5 Bxd5 14. Nxd5 Qxb2 15. Rb1 Qxa2 16. Nf6+ Kh8 17. Nd7 Rfd8 18. Nxc5 Ne5 19. Qc2 Qxc2 20. Bxc2 Rdc8 21. Nd3 Nc4 22. Rxb7 Nd2 23. Rc1 Rc3 24. Rxf7 Rac8 25. Ne1 Nb3 26. Rb1 1-0

[Event "December 5 Early 2023"]
[Site "https://www.chess.com"]
[Date "2023.12.05"]
[Round "4"]
[White "Ashraf, Artin"]
[Black "Truskavetsky, Alexandr"]
[Result "1-0"]
[Board "46"]
[TimeControl "180+1"]
[WhiteFideId "22514805"]
[BlackFideId "14108577"]
[WhiteElo "2911"]
[BlackElo "2596"]
[WhiteTeam "IRI"]
[BlackTeam "RUS"]
[WhiteClock "0:00:45"]
[BlackClock "0:00:53"]

1. e4 c5 2. Nf3 g6 3. c4 Bg7 4. d4 cxd4 5. Nxd4 Nc6 6. Be3 Nf6 7. Nc3 O-O 8. Be2 d6 9. O-O Bd7 10. Qd2 Rc8 11. f3 a6 12. b3 Qa5 13. Rfd1 Rfe8 14. Rac1 Nxd4 15. Bxd4 b5 16. Bxf6 Bxf6 17. Nd5 Qxd2 18. Nxf6+ exf6 19. Rxd2 bxc4 20. Bxc4 f5 21. Rxd6 Bb5 22. exf5 Bxc4 23. Rxc4 Rxc4 24. bxc4 Rc8 25. fxg6 hxg6 26. Rxa6 Rxc4 27. Kf2 Rc2+ 28. Kg3 Kg7 29. Ra5 Kh6 30. h4 Kg7 31. Kh3 Rb2 32. g4 Rf2 33. Kg3 Rb2 34. h5 gxh5 35. gxh5 Kh6 36. Kf4 Rf2 37. a4 Ra2 38. Ke4 Ra3 39. f4 Ra1 40. Kd4 Rf1 41. Rf5 Ra1 42. a5 Ra4+ 43. Ke3 Ra1 44. Rb5 Ra4 45. Kf3 Ra1 46. Ke4 Ra4+ 47. Ke3 Ra3+ 48. Kd4 Ra4+ 49. Kc5 Rxf4 50. a6 Ra4 51. Kb6 Ra1 52. a7 f5 53. Rxf5 1-0

[Event "December 5 Early 2023"]
[Site "https://www.chess.com"]
[Date "2023.12.05"]
[Round "4"]
[White "Rakhmanov, Aleksandr"]
[Black "Shubenkova, Veronika"]
[Result "1-0"]
[Board "47"]
[TimeControl "180+1"]
[WhiteFideId "4173708"]
[BlackFideId "44124040"]
[WhiteElo "2897"]
[BlackElo "2593"]
[WhiteTeam "FID"]
[BlackTeam "RUS"]
[WhiteClock "0:00:03"]
[BlackClock "0:00:12"]

1. d4 d5 2. c4 e6 3. Nc3 f5 4. Bf4 Nf6 5. e3 c6 6. h3 Bd6 7. Nf3 O-O 8. Be2 Ne4 9. O-O Qe7 10. Bxd6 Qxd6 11. Ne5 Nd7 12. f4 Nxe5 13. fxe5 Qb4 14. Nxe4 dxe4 15. Qc2 Bd7 16. c5 Qa5 17. b4 Qc7 18. a4 a6 19. Rab1 Be8 20. Bc4 Qe7 21. Qb3 Bd7 22. Rb2 Kh8 23. Qc2 Be8 24. Qd2 g5 25. b5 axb5 26. axb5 Rd8 27. Kh1 cxb5 28. Bxb5 Bg6 29. Be2 Rf7 30. Rb6 Qf8 31. Rxe6 f4 32. Kg1 f3 33. Bc4 Rf5 34. Rd6 Ra8 35. Be6 fxg2 36. Qxg2 Rf3 37. Bg4 Rf7 38. Rdf6 Qe7 39. Rxf7 Bxf7 40. Qf2 Kg7 41. Qf6+ Qxf6 42. Rxf6 h5 43. Be2 Ra2 44. Rxf7+ Kxf7 45. Bc4+ 1-0

[Event "December 5 Early 2023"]
[Site "https://www.chess.com"]
[Date "2023.12.05"]
[Round "4"]
[White "Vakhidov, Shahzod"]
[Black "Sychev, Klementy"]
[Result "0-1"]
[Board "48"]
[TimeControl "180+1"]
[WhiteFideId "14205270"]
[BlackFideId "4114060"]
[WhiteElo "2589"]
[BlackElo "2889"]
[WhiteTeam "UZB"]
[BlackTeam "FID"]
[WhiteClock "0:00:01"]
[BlackClock "0:00:09"]

1. d4 Nf6 2. Nf3 g6 3. g3 Bg7 4. Bg2 c5 5. c4 cxd4 6. Nxd4 h5 7. O-O h4 8. Nc3 hxg3 9. hxg3 Nc6 10. Nxc6 bxc6 11. e4 Qa5 12. Re1 Kf8 13. e5 Ne8 14. Bg5 Nc7 15. Bxe7+ Kxe7 16. Qd6+ Ke8 17. Ne4 Ne6 18. Nf6+ Bxf6 19. exf6 Qd8 20. Rad1 Qxf6 21. Bxc6 dxc6 22. Qxc6+ Kf8 23. Qxa8 Kg7 24. Qe4 Ng5 25. Qe7 Nf3+ 26. Kg2 Bh3+ 0-1

[Event "December 5 Early 2023"]
[Site "https://www.chess.com"]
[Date "2023.12.05"]
[Round "4"]
[White "Shuvalova, Polina"]
[Black "Navarrete Mendez, Gonzalo Alberto"]
[Result "0-1"]
[Board "49"]
[TimeControl "180+1"]
[WhiteFideId "24171760"]
[BlackFideId "5106850"]
[WhiteElo "2861"]
[BlackElo "2588"]
[WhiteTeam "RUS"]
[BlackTeam "MEX"]
[WhiteClock "0:00:34"]
[BlackClock "0:00:19"]

1. e4 e5 2. Nf3 Nc6 3. Nc3 Nf6 4. Bb5 Nd4 5. O-O c6 6. Bd3 Nxf3+ 7. Qxf3 d6 8. Be2 g6 9. d3 Bg7 10. Qg3 O-O 11. f4 exf4 12. Bxf4 Qb6+ 13. Kh1 Qxb2 14. d4 d5 15. e5 Ne4 16. Nxe4 dxe4 17. Qe3 Qxc2 18. a4 Be6 19. Rfc1 Qb3 20. Qxe4 Bd5 21. Qd3 Qxd3 22. Bxd3 Rfd8 23. Rab1 b6 24. Kg1 Ba2 25. Rb2 Rxd4 26. Rxa2 Rxf4 27. Rxc6 Bxe5 28. g3 Rd4 29. Bc4 Rd6 30. Rxd6 Bxd6 31. Kg2 Kg7 32. Rd2 Rd8 33. Rf2 f5 34. Re2 Bc5 35. Bb5 Kf6 36. Bc4 Rd6 37. Kf3 h6 38. h4 g5 39. hxg5+ hxg5 40. g4 fxg4+ 41. Kg3 Rd4 42. Re6+ Kf5 43. Ba2 Rd3+ 44. Kg2 Rd2+ 45. Kf1 Rxa2 0-1

[Event "December 5 Early 2023"]
[Site "https://www.chess.com"]
[Date "2023.12.05"]
[Round "4"]
[White "Javakhadze, Zurab"]
[Black "Kononenko, Dmitry"]
[Result "1-0"]
[Board "50"]
[TimeControl "180+1"]
[WhiteFideId "13603647"]
[BlackFideId "14113538"]
[WhiteElo "2829"]
[BlackElo "2585"]
[WhiteTeam "GEO"]
[BlackTeam "UKR"]
[WhiteClock "0:00:06"]
[BlackClock "0:00:00"]

1. d4 d5 2. c4 c6 3. Nc3 Nf6 4. e3 e6 5. Nf3 Nbd7 6. Be2 dxc4 7. O-O b5 8. a4 b4 9. Nb1 a5 10. Nbd2 c5 11. Nxc4 cxd4 12. Qxd4 Ba6 13. Rd1 Bc5 14. Qf4 O-O 15. e4 Qb8 16. e5 Nd5 17. Qe4 Rd8 18. Bg5 Rc8 19. Bd3 Nf8 20. Qg4 Qa7 21. Rd2 Ng6 22. h4 h5 23. Qe4 Be7 24. Bxe7 Ndxe7 25. Nd6 Bxd3 26. Qxd3 Rc5 27. Qe4 Rd8 28. Rad1 Qa8 29. Qe3 Rd5 30. Rxd5 Nxd5 31. Qg5 Rd7 32. Qxh5 Qb8 33. Ng5 Nf8 34. Ndxf7 Rxf7 35. Qxf7+ Kh8 36. Qh5+ Kg8 37. Qf7+ Kh8 38. Nxe6 Nxe6 39. Qxe6 Nf4 40. Qf5 Ne2+ 41. Kf1 Qc8 42. Qxc8+ Kh7 43. Kxe2 1-0

[Event "December 5 Early 2023"]
[Site "https://www.chess.com"]
[Date "2023.12.05"]
[Round "4"]
[White "Chor, Kevin"]
[Black "Gharibyan, Mamikon"]
[Result "1-0"]
[Board "51"]
[TimeControl "180+1"]
[WhiteFideId "2090740"]
[BlackFideId "13308300"]
[WhiteElo "2581"]
[BlackElo "2827"]
[WhiteTeam "USA"]
[BlackTeam "ARM"]
[WhiteClock "0:00:22"]
[BlackClock "0:00:08"]

1. e4 e6 2. d4 d5 3. Nd2 h6 4. c3 c5 5. e5 Nc6 6. Ngf3 Qb6 7. Bd3 cxd4 8. cxd4 g5 9. h3 Nge7 10. O-O Nf5 11. Nb3 Bd7 12. Be3 O-O-O 13. Rc1 Kb8 14. Nc5 Bxc5 15. Rxc5 Rc8 16. Bxf5 exf5 17. Rxd5 Be6 18. Rd6 f4 19. Bc1 Bc4 20. d5 Bxf1 21. Qxf1 Rhd8 22. dxc6 Rxd6 23. cxb7 Rxc1 24. Qxc1 Rd8 25. Qc4 Qxb7 26. b3 a6 27. e6 fxe6 28. Qxe6 Ka7 29. Qxh6 Qb6 30. Qxg5 Rd1+ 31. Kh2 Qxf2 32. Qxf4 Qb6 33. h4 Qg6 34. Qe3+ Kb7 35. Qg5 Qxg5 36. hxg5 Kc7 37. Kg3 Kd7 38. Kf4 Ke6 39. a4 Kf7 40. Kf5 Rd3 41. Ne5+ Kg7 42. Nxd3 1-0

[Event "December 5 Early 2023"]
[Site "https://www.chess.com"]
[Date "2023.12.05"]
[Round "4"]
[White "Lund, Gunnar"]
[Black "Molina, Roberto Junio Brito"]
[Result "1-0"]
[Board "52"]
[TimeControl "180+1"]
[WhiteFideId "1520814"]
[BlackFideId "2109450"]
[WhiteElo "2580"]
[BlackElo "2822"]
[WhiteTeam "NOR"]
[BlackTeam "BRA"]
[WhiteClock "0:01:11"]
[BlackClock "0:00:11"]

1. d4 d5 2. c4 c6 3. g3 dxc4 4. Bg2 b5 5. Nf3 Bb7 6. O-O e6 7. b3 cxb3 8. axb3 Nf6 9. Qc2 Be7 10. Rd1 O-O 11. Ne5 Nd5 12. e4 Nb6 13. Be3 N6d7 14. Nd3 a5 15. Nc3 Na6 16. e5 Rb8 17. Ne4 Nb4 18. Nxb4 Bxb4 19. Bg5 Qb6 20. Qe2 c5 21. dxc5 Nxc5 22. Nf6+ gxf6 23. Bxf6 1-0

[Event "December 5 Early 2023"]
[Site "https://www.chess.com"]
[Date "2023.12.05"]
[Round "4"]
[White "Yeremyan, Alen"]
[Black "Vivaan Vishal Shah"]
[Result "1-0"]
[Board "53"]
[TimeControl "180+1"]
[WhiteFideId "13308998"]
[BlackFideId "25184237"]
[WhiteElo "2808"]
[BlackElo "2578"]
[WhiteTeam "ARM"]
[BlackTeam "IND"]
[WhiteClock "0:01:18"]
[BlackClock "0:00:03"]

1. e4 c5 2. Nc3 g6 3. d4 cxd4 4. Qxd4 Nf6 5. b3 Nc6 6. Qd2 Bg7 7. f3 d5 8. Bb2 dxe4 9. Qxd8+ Kxd8 10. O-O-O+ Kc7 11. Nxe4 Bh6+ 12. Kb1 Nxe4 13. fxe4 Re8 14. Nf3 Bg4 15. Bc4 Bxf3 16. gxf3 e6 17. Bb5 Bf4 18. Bxc6 Kxc6 19. h3 Rad8 20. Rd3 Rxd3 21. cxd3 Rd8 22. d4 Be3 23. Rd1 f5 24. Kc2 b5 25. Kd3 Bxd4 26. Bxd4 e5 27. Kc3 Rxd4 28. Rxd4 exd4+ 29. Kxd4 fxe4 30. Kxe4 Kc5 31. a3 Kd6 32. Kd4 a5 33. b4 a4 34. Ke4 Ke6 35. Kd4 Kd6 36. h4 h6 37. Ke4 Ke6 38. f4 h5 39. Kd4 Kf5 40. Kc5 Kxf4 41. Kxb5 g5 42. Kxa4 gxh4 43. b5 h3 44. b6 h2 45. b7 h1=Q 46. b8=Q+ Kg4 47. Qg8+ Kh4 48. Qd8+ Kh3 49. Qd7+ Kg3 50. Qd6+ Kh3 51. Qe6+ Kg3 52. Qe5+ Kh3 53. Qxh5+ 1-0

[Event "December 5 Early 2023"]
[Site "https://www.chess.com"]
[Date "2023.12.05"]
[Round "4"]
[White "Hjartarson, Johann"]
[Black "Bocharov, Dmitry"]
[Result "0-1"]
[Board "54"]
[TimeControl "180+1"]
[WhiteFideId "2300044"]
[BlackFideId "4138716"]
[WhiteElo "2575"]
[BlackElo "2808"]
[WhiteTeam "ISL"]
[BlackTeam "RUS"]
[WhiteClock "0:00:07"]
[BlackClock "0:01:16"]

1. c4 e6 2. Nf3 d5 3. e3 Nf6 4. b3 Be7 5. Bb2 O-O 6. d4 b6 7. Bd3 Bb7 8. O-O Nbd7 9. Nc3 c5 10. Qe2 cxd4 11. exd4 Rc8 12. Rfd1 Qc7 13. Rac1 Qb8 14. Ne5 Rfd8 15. cxd5 Nxe5 16. dxe5 Nxd5 17. Nxd5 Rxd5 18. Be4 Rxd1+ 19. Rxd1 Bxe4 20. Qxe4 h6 21. h4 Qc7 22. Rd2 h5 23. g3 b5 24. Kg2 a6 25. Qf3 Qc6 26. Qxc6 Rxc6 27. Kf3 Bb4 28. Rd4 Rc2 29. Rxb4 Rxb2 30. Ke3 Kh7 31. a3 Kg6 32. f3 Kf5 33. g4+ hxg4 34. fxg4+ Kxe5 35. h5 f5 36. gxf5 exf5 37. Kf3 Rh2 38. a4 bxa4 39. Rxa4 Rxh5 40. Ra5+ Kf6 41. Rxa6+ Kg5 42. b4 Rh3+ 43. Kg2 Rb3 44. Rb6 f4 45. Kf2 Kf5 46. b5 g5 47. Rb8 Rb2+ 48. Kf1 f3 49. b6 Kg4 50. Ke1 Kg3 0-1

[Event "December 5 Early 2023"]
[Site "https://www.chess.com"]
[Date "2023.12.05"]
[Round "4"]
[White "Malyi, Viacheslav"]
[Black "IM_ArthurDW08"]
[Result "1/2-1/2"]
[Board "55"]
[TimeControl "180+1"]
[WhiteFideId "14123983"]
[WhiteElo "2573"]
[BlackElo "2807"]
[WhiteTeam "UKR"]
[WhiteClock "0:00:07"]
[BlackClock "0:00:03"]

1. e4 e5 2. Nf3 Nc6 3. Bb5 a6 4. Bxc6 dxc6 5. O-O Qf6 6. d4 exd4 7. Qxd4 Qxd4 8. Nxd4 Bd7 9. Nc3 O-O-O 10. Be3 c5 11. Nde2 b6 12. Rfd1 Ne7 13. f3 Ng6 14. Kf2 Bd6 15. g3 h5 16. Nf4 h4 17. Rh1 Ne5 18. b3 g5 19. Nfd5 g4 20. f4 Nf3 21. e5 Bf8 22. Nf6 Bf5 23. Nce4 Bg7 24. Ng5 Nxg5 25. fxg5 Bxc2 26. gxh4 Rxh4 27. Bf4 Bxf6 28. exf6 Rh3 29. Bg3 Rd3 30. Rhe1 Rd2+ 31. Re2 Rxe2+ 32. Kxe2 Bg6 33. Re1 Rh8 34. Kf2 Rd8 35. Re7 Rd7 36. Ke3 Rxe7+ 37. fxe7 Kd7 38. Bxc7 Kxe7 39. Bxb6 Kd6 40. a3 Kd5 41. b4 cxb4 42. axb4 Ke5 43. Bd8 Kf5 44. Bf6 Bh5 45. Bd8 Bg6 46. Bf6 Bh7 47. Bd8 Bg6 1/2-1/2

[Event "December 5 Early 2023"]
[Site "https://www.chess.com"]
[Date "2023.12.05"]
[Round "4"]
[White "Dragun, Kamil"]
[Black "Viana Da Costa, Fernando"]
[Result "1-0"]
[Board "56"]
[TimeControl "180+1"]
[WhiteFideId "1134167"]
[BlackFideId "2111900"]
[WhiteElo "2805"]
[BlackElo "2570"]
[WhiteTeam "POL"]
[BlackTeam "BRA"]
[WhiteClock "0:01:43"]
[BlackClock "0:01:35"]

1. d4 Nf6 2. c4 e6 3. Nf3 d5 4. Nc3 Bb4 5. cxd5 exd5 6. Bg5 c6 7. e3 h6 8. Bh4 O-O 9. Bd3 Re8 10. O-O Be6 11. Ne5 Be7 12. f4 c5 13. Kh1 Nc6 14. Bc2 Rc8 15. Rc1 c4 16. Bb1 Nxe5 17. dxe5 Ne4 18. Bxe7 Qxe7 19. Bxe4 dxe4 20. Nxe4 Red8 21. Nd6 1-0

[Event "December 5 Early 2023"]
[Site "https://www.chess.com"]
[Date "2023.12.05"]
[Round "4"]
[White "Miladinovic, Igor"]
[Black "Taboas Rodriguez, Daniel"]
[Result "1-0"]
[Board "57"]
[TimeControl "180+1"]
[WhiteFideId "4203380"]
[BlackFideId "2208466"]
[WhiteElo "2797"]
[BlackElo "2567"]
[WhiteTeam "SRB"]
[BlackTeam "ESP"]
[WhiteClock "0:01:04"]
[BlackClock "0:00:21"]

1. d4 Nf6 2. Bg5 d5 3. e3 Ne4 4. Bf4 Bf5 5. f3 Nf6 6. g4 Bg6 7. h4 h5 8. g5 Nfd7 9. Bd3 Bxd3 10. Qxd3 g6 11. Qb5 Nc6 12. Qxb7 e5 13. Qxc6 exf4 14. exf4 Bd6 15. Qxd5 O-O 16. Ne2 Re8 17. Nc3 Bxf4 18. Ne4 Bd6 19. O-O Re6 20. N2c3 Rb8 21. Rab1 Nb6 22. Qb5 c6 23. Qd3 Nd5 24. Ne2 Qe7 25. a3 Nf4 26. Nxf4 Bxf4 27. Kg2 Rd8 28. c3 c5 29. d5 c4 30. Qxc4 Re5 31. d6 Qd7 32. Nf6+ 1-0

[Event "December 5 Early 2023"]
[Site "https://www.chess.com"]
[Date "2023.12.05"]
[Round "4"]
[White "Skvortsov, Andrei"]
[Black "Aydin, Gulenay"]
[Result "1-0"]
[Board "58"]
[TimeControl "180+1"]
[WhiteFideId "24108600"]
[BlackFideId "34557431"]
[WhiteElo "2790"]
[BlackElo "2566"]
[WhiteTeam "MNE"]
[BlackTeam "TUR"]
[WhiteClock "0:01:22"]
[BlackClock "0:00:01"]

1. e4 c5 2. d4 cxd4 3. Qxd4 Nc6 4. Qd3 d6 5. Nc3 g6 6. Nf3 Bg7 7. Be2 Nf6 8. O-O O-O 9. Nd5 Bd7 10. c3 Rc8 11. Bg5 Nxd5 12. exd5 Ne5 13. Nxe5 Bxe5 14. Qe3 Bf6 15. Bh6 Re8 16. Qxa7 Ra8 17. Qe3 e5 18. dxe6 Rxe6 19. Qd2 Bc6 20. Be3 Qa5 21. Bg4 Ree8 22. Qxd6 Be5 23. Qc5 Qc7 24. h3 Rad8 25. Rad1 Bd6 26. Qb6 Qe7 27. Rd4 h5 28. Bd1 Bc7 29. Qb4 Bd6 30. Qa5 Bc7 31. Qg5 Qxg5 32. Bxg5 Rxd4 33. cxd4 Bb6 34. Be3 Rd8 35. Be2 Bxd4 36. Rd1 Bf6 37. Rxd8+ Bxd8 38. b4 Be7 39. b5 Bd5 40. a4 Bb4 41. Bb6 Kf8 42. a5 Ke7 43. a6 bxa6 44. bxa6 Kd7 45. Bb5+ Kc8 46. h4 Be7 47. g3 Bd6 48. Be3 Kb8 49. Kf1 Ka8 50. Ke2 Bb8 51. Kd3 Bg2 52. Bc4 Ba7 53. Bxa7 Kxa7 54. Bxf7 Bf1+ 55. Ke3 1-0

[Event "December 5 Early 2023"]
[Site "https://www.chess.com"]
[Date "2023.12.05"]
[Round "4"]
[White "Stankovic, Boris"]
[Black "Weetik, Vjacheslav"]
[Result "0-1"]
[Board "59"]
[TimeControl "180+1"]
[WhiteFideId "985317"]
[BlackFideId "4153472"]
[WhiteElo "2564"]
[BlackElo "2790"]
[WhiteTeam "SRB"]
[BlackTeam "RUS"]
[WhiteClock "0:00:04"]
[BlackClock "0:00:27"]

1. e4 c6 2. Nc3 d5 3. Nf3 dxe4 4. Nxe4 Nf6 5. Qe2 Na6 6. d4 Nxe4 7. Qxe4 Qd5 8. Qxd5 cxd5 9. Bxa6 bxa6 10. Bf4 f6 11. Kd2 a5 12. Rhe1 Kd7 13. h4 e6 14. c3 Be7 15. h5 g5 16. Bg3 h6 17. Nh2 Ba6 18. Re3 Rac8 19. Ng4 Rc6 20. Rf3 Rf8 21. Rh1 Rb6 22. Kc2 a4 23. Nxh6 f5 24. Be5 Bc4 25. Ng4 Bxa2 26. h6 a3 27. bxa3 Bxa3 28. h7 Rb2+ 29. Kd3 Bc4+ 30. Ke3 Re2# 0-1

[Event "December 5 Early 2023"]
[Site "https://www.chess.com"]
[Date "2023.12.05"]
[Round "4"]
[White "Jeet, Jain"]
[Black "Dragnev, Valentin"]
[Result "0-1"]
[Board "60"]
[TimeControl "180+1"]
[WhiteFideId "5073022"]
[BlackFideId "1634852"]
[WhiteElo "2564"]
[BlackElo "2788"]
[WhiteTeam "IND"]
[BlackTeam "AUT"]
[WhiteClock "0:00:06"]
[BlackClock "0:00:14"]

1. Nf3 Nf6 2. g3 b5 3. Bg2 Bb7 4. O-O e6 5. a4 b4 6. c3 c5 7. a5 Be7 8. d4 bxc3 9. Nxc3 cxd4 10. Qxd4 Nc6 11. Qa4 Ba6 12. Bf4 O-O 13. Rfd1 Rc8 14. Bd6 Bxd6 15. Rxd6 Qc7 16. Rad1 Rb8 17. Ng5 Rxb2 18. Bxc6 dxc6 19. Qxc6 Qxc6 20. Rxc6 Bxe2 21. Nxe2 Rxe2 22. Rc7 a6 23. Ra7 h6 24. Nh3 Nd5 25. Rxa6 Rb8 26. Ra1 g5 27. Rd6 Rbb2 28. a6 Ra2 29. Rxa2 Rxa2 30. f4 g4 31. f5 gxh3 32. fxe6 fxe6 33. Rxe6 Kg7 34. Rd6 Nf6 35. Rb6 Kg6 36. Rc6 h5 37. Rb6 Rg2+ 38. Kh1 Ra2 39. Kg1 Ra5 40. Rc6 Kg5 41. Kf2 Ng4+ 42. Kg1 Ra1+ 0-1

[Event "December 5 Early 2023"]
[Site "https://www.chess.com"]
[Date "2023.12.05"]
[Round "4"]
[White "Vovk, Orest"]
[Black "KhalilMousavi98"]
[Result "0-1"]
[Board "61"]
[TimeControl "180+1"]
[WhiteFideId "14113490"]
[WhiteElo "2562"]
[BlackElo "2784"]
[WhiteTeam "UKR"]
[WhiteClock "0:00:00"]
[BlackClock "0:00:32"]

1. h4 e5 2. h5 d5 3. h6 Nxh6 4. d4 exd4 5. Bxh6 gxh6 6. Qxd4 Rg8 7. Nc3 Bg7 8. Qf4 Be6 9. O-O-O c6 10. e4 d4 11. e5 Qa5 12. Qxd4 Bxe5 13. Qd2 Nd7 14. Nf3 Bxc3 15. Qxc3 Qxa2 16. b3 O-O-O 17. Rxh6 Nb6 18. Rxd8+ Rxd8 19. Bd3 Nd5 20. Qb2 Qa5 21. Rxh7 Nf4 22. Bf1 Bg4 23. b4 Qg5 24. Qg7 Nd3+ 25. Kb1 Qc1+ 26. Ka2 Be6+ 0-1

[Event "December 5 Early 2023"]
[Site "https://www.chess.com"]
[Date "2023.12.05"]
[Round "4"]
[White "Zamorano, Jorge"]
[Black "Manukyan, Sargis A."]
[Result "0-1"]
[Board "62"]
[TimeControl "180+1"]
[WhiteFideId "173770"]
[BlackFideId "13303970"]
[WhiteElo "2783"]
[BlackElo "2562"]
[WhiteTeam "ARG"]
[BlackTeam "ARM"]
[WhiteClock "0:02:20"]
[BlackClock "0:02:43"]

1. d4 d5 2. c4 e6 3. Nf3 Nf6 4. g3 Be7 5. Bg2 O-O 6. O-O dxc4 7. Qc2 a6 8. Qxc4 b5 9. Qc2 Bb7 10. Bd2 Be4 11. Qc1 Nc6 12. e3 b4 13. Rd1 Qd5 14. Ne1 Bxg2 15. Nxg2 e5 16. dxe5 Nxe5 17. Bxb4 Nf3+ 18. Kh1 Qh5 0-1

[Event "December 5 Early 2023"]
[Site "https://www.chess.com"]
[Date "2023.12.05"]
[Round "4"]
[White "Tologon tegin, Semetei"]
[Black "Halkias, Stelios"]
[Result "1/2-1/2"]
[Board "64"]
[TimeControl "180+1"]
[WhiteFideId "13800574"]
[BlackFideId "4201809"]
[WhiteElo "2559"]
[BlackElo "2778"]
[WhiteTeam "KGZ"]
[BlackTeam "GRE"]
[WhiteClock "0:00:15"]
[BlackClock "0:00:18"]

1. Nf3 Nf6 2. e3 g6 3. d4 Bg7 4. Be2 d6 5. O-O O-O 6. c4 Nbd7 7. Nc3 e5 8. Qc2 Re8 9. Rd1 c6 10. b4 Qc7 11. Bb2 exd4 12. Rxd4 Ne5 13. Rad1 Bf5 14. e4 Bg4 15. Nxe5 dxe5 16. Rd6 Bxe2 17. Qxe2 a5 18. b5 Nh5 19. bxc6 bxc6 20. Qf3 Rad8 21. Rxd8 Rxd8 22. Ba3 Nf4 23. Rxd8+ Qxd8 24. Qd1 Qxd1+ 25. Nxd1 Bf8 26. Bb2 f6 27. g3 Nd3 28. Bc3 Bb4 29. Kf1 Nc5 30. f3 Kf7 31. Ke2 Ke6 32. Kd2 f5 33. exf5+ gxf5 34. Nb2 e4 35. Bxb4 axb4 36. fxe4 Nxe4+ 37. Ke3 Nc3 38. Nd3 Nxa2 39. Kd4 Kf6 40. Kc5 b3 41. Kxc6 f4 42. gxf4 Kf5 43. Kd5 Nc1 44. Nb2 Ne2 45. c5 Nxf4+ 46. Kd6 Ne6 47. c6 Kf6 48. Nc4 Kf5 49. h4 h5 50. Ne3+ Ke4 51. Nd1 Kf5 52. Nb2 Kf6 53. Nc4 Kf7 54. Kd5 Kf6 55. Kd6 Kf5 56. Kd7 Kf6 57. Nb2 Ke5 58. c7 Nxc7 59. Kxc7 Kd4 60. Kd6 Kc3 61. Na4+ Kb4 62. Nb2 Kc3 63. Na4+ Kb4 64. Nc5 b2 65. Nd3+ Kc3 66. Nxb2 Kxb2 67. Ke5 Kc3 68. Kf5 Kd4 69. Kg5 Ke5 70. Kxh5 Kf6 71. Kh6 Kf7 72. Kh7 Kf8 73. h5 Kf7 74. h6 Kf8 75. Kg6 Kg8 76. h7+ Kh8 77. Kh6 1/2-1/2

[Event "December 5 Early 2023"]
[Site "https://www.chess.com"]
[Date "2023.12.05"]
[Round "4"]
[White "Albornoz Cabrera, Carlos Daniel"]
[Black "Durucay, Uygar"]
[Result "1-0"]
[Board "65"]
[TimeControl "180+1"]
[WhiteFideId "3518736"]
[BlackFideId "44591560"]
[WhiteElo "2767"]
[BlackElo "2557"]
[WhiteTeam "CUB"]
[BlackTeam "TUR"]
[WhiteClock "0:00:59"]
[BlackClock "0:00:04"]

1. Nf3 Nf6 2. c4 e6 3. Nc3 d5 4. d4 Be7 5. Bg5 O-O 6. e3 c6 7. Bd3 Nbd7 8. O-O dxc4 9. Bxc4 b5 10. Bd3 Bb7 11. Qc2 a6 12. Bxf6 Nxf6 13. Ne4 h6 14. Nxf6+ Bxf6 15. Rac1 Rc8 16. Be4 Be7 17. Ne5 Qd6 18. Nxc6 Bxc6 19. Bxc6 Rc7 20. e4 Qxd4 21. Rfd1 Qb6 22. Rd7 Rfc8 23. Rxc7 Rxc7 24. g3 Bg5 25. Qc5 Qxc5 26. Rxc5 Be7 27. Rc2 Kf8 28. f4 e5 29. fxe5 Bg5 30. Kf2 Ke7 31. Kf3 h5 32. h4 Bh6 33. b4 f6 34. exf6+ gxf6 35. Rc5 Kd6 36. Rxh5 Bd2 37. Rd5+ Kxc6 38. Rxd2 Rh7 39. Kf4 Rh5 40. Rd5 Rxd5 41. exd5+ Kxd5 42. Kf5 Kc4 43. h5 Kxb4 44. h6 Ka3 45. h7 Kxa2 46. h8=Q a5 47. Qxf6 b4 48. Qd4 Ka3 49. Qa1+ 1-0

[Event "December 5 Early 2023"]
[Site "https://www.chess.com"]
[Date "2023.12.05"]
[Round "4"]
[White "Mortazavi, Ali"]
[Black "Korchmar, Vasiliy"]
[Result "1-0"]
[Board "66"]
[TimeControl "180+1"]
[WhiteFideId "401323"]
[BlackFideId "24131750"]
[WhiteElo "2553"]
[BlackElo "2766"]
[WhiteTeam "ENG"]
[BlackTeam "RUS"]
[WhiteClock "0:00:41"]
[BlackClock "0:01:13"]

1. Nf3 d5 2. g3 g6 3. Bg2 Bg7 4. O-O e5 5. d3 Ne7 6. Nbd2 O-O 7. c4 c6 8. Rb1 h6 9. b4 g5 10. b5 Ng6 11. bxc6 bxc6 12. Qa4 Re8 13. Rd1 Be6 14. Ba3 f5 15. Nb3 Nd7 16. Qxc6 Rc8 17. Qa6 dxc4 18. dxc4 Bxc4 19. Qxg6 Bxe2 20. Rd2 Bxf3 21. Bxf3 e4 22. Bh5 e3 23. Qf7+ Kh8 24. Rxd7 exf2+ 25. Kg2 Qf6 26. Qxf6 Bxf6 27. Bxe8 Rxe8 28. Kxf2 1-0

[Event "December 5 Early 2023"]
[Site "https://www.chess.com"]
[Date "2023.12.05"]
[Round "4"]
[White "Erzhanov, Arman"]
[Black "Wagh Suyog"]
[Result "0-1"]
[Board "67"]
[TimeControl "180+1"]
[WhiteFideId "4138821"]
[BlackFideId "25071688"]
[WhiteElo "2550"]
[BlackElo "2759"]
[WhiteTeam "KAZ"]
[BlackTeam "IND"]
[WhiteClock "0:00:28"]
[BlackClock "0:00:16"]

1. e4 e5 2. Nf3 Nc6 3. Bb5 a6 4. Bxc6 dxc6 5. O-O f6 6. d4 exd4 7. Nxd4 c5 8. Ne2 Qxd1 9. Rxd1 Bd7 10. Be3 O-O-O 11. Nbc3 b6 12. Rd2 Bd6 13. Bf4 Bxf4 14. Nxf4 Ne7 15. Rad1 Rhe8 16. f3 a5 17. a4 Nc6 18. Nb5 Ne5 19. b3 Bxb5 20. axb5 Rxd2 21. Rxd2 Nf7 22. Nd5 Kb7 23. c4 Nd6 24. Nc3 f5 25. exf5 Re3 26. Rc2 Nxf5 27. Kf2 Rd3 28. Ke2 Re3+ 29. Kf2 Rd3 30. Ke2 Rd7 31. Kf2 c6 32. bxc6+ Kxc6 33. Ne4 Rd3 34. Rb2 Nd4 35. Nd2 b5 36. h4 b4 37. h5 h6 38. Ke1 Re3+ 39. Kd1 Rd3 40. Kc1 Nf5 41. Ra2 Kb6 42. g4 Ne3 43. Rb2 Rc3+ 44. Kb1 Rd3 45. Ka2 Nd1 46. Rc2 Nc3+ 47. Kb2 Kc6 48. f4 Rd4 49. g5 Rxf4 50. gxh6 gxh6 51. Nb1 Ne4 52. Re2 Rf2 53. Rxf2 Nxf2 54. Nd2 Ng4 55. Ne4 Ne5 56. Nf6 Nf7 57. Ng4 Kd6 58. Kc2 Ke6 59. Kd3 Kf5 60. Nf2 Ne5+ 61. Ke3 Ng4+ 62. Kf3 Nxf2 63. Kxf2 Kg4 64. Ke3 Kxh5 65. Ke4 Kg5 66. Kd5 a4 67. Kxc5 axb3 68. Kxb4 b2 69. c5 b1=Q+ 70. Kc4 Qc1+ 71. Kd5 h5 72. Kd6 h4 73. c6 h3 74. c7 Qxc7+ 75. Kxc7 h2 76. Kd6 h1=Q 77. Ke5 Qe1+ 78. Kd4 Kf4 79. Kd3 Qd1+ 80. Kc4 Ke4 81. Kb4 Qc1 82. Kb5 Kd5 83. Kb6 Qc6+ 84. Ka7 Qb5 85. Ka8 Kc6 86. Ka7 Qb7# 0-1